 Dungeon Crawl Stone Soup version 0.31.0-1-g2c135a0 (webtiles) character file.

Game seed: 9268635760389215902

137876 brinewave the Executioner (level 16, -4/162 HPs)
             Began as a Minotaur Fighter on Jan 28, 2024.
             Was an Initiate of Yredelemnul.
             Killed from afar by a deep elf knight (25 damage)
             ... with a shard of ice
             ... on level 2 of the Elven Halls.
             The game lasted 01:40:01 (22947 turns).

brinewave the Executioner (Minotaur Fighter)       Turns: 22947, Time: 01:40:03

Health: -4/162     AC: 22    Str: 40    XL:     16   Next: 70%
Magic:  0/33       EV: 10    Int:  5    God:    Yredelemnul [......]
Gold:   2410       SH:  8    Dex: 10    Spells: 15/15 levels left

rFire   + . .        I - +2 war axe (flame)
rCold   . . .        e - +0 buckler of Ashenzari's Outrage {rF+ rN+ Regen+}
rNeg    + . .        U - +3 chain mail of Binihiuw {+Inv rCorr MP+9 Str+3}
rPois   .            V - +2 hat
rElec   .            (no cloak)
rCorr   +            (no gloves)
SInv    .            Q - +2 pair of boots "Duddoill" {Str+2}
Will    ++...        K - amulet of guardian spirit Stlth
                     g - +6 ring of strength
HPRegen 1.27/turn    D - ring of willpower
MPRegen 0.23/turn

%: guardian spirit
@: mighty, about to teleport
A: horns 2, retaliatory headbutt
a: Renounce Religion, Evoke Invisibility, Recall Undead Harvest


You were on level 2 of the Elven Halls.
You worshipped Yredelemnul.
Yredelemnul was pleased with you.
You visited 4 branches of the dungeon, and saw 24 of its levels.
You also visited: Sewer and Gauntlet.

You collected 2686 gold pieces.
You spent 276 gold pieces at shops.

Inventory:

Hand Weapons
 a - a +1 war axe of freezing
 I - a +2 war axe of flaming (weapon)
Missiles
 c - 45 boomerangs
 f - 23 poisoned darts
 v - 4 javelins
 M - 5 curare-tipped darts (quivered)
 X - 6 silver javelins
Armour
 e - the +0 buckler of Ashenzari's Outrage (worn) {rF+ rN+ Regen+}
   (You found it on level 2 of the Dungeon)

   rF+:       It protects you from fire.
   rN+:       It protects you from negative energy.
   Regen+:    It increases your rate of health regeneration.
 q - a +0 kite shield of reflection
 F - a +4 plate armour of cold resistance
 Q - the +2 pair of boots "Duddoill" (worn) {Str+2}
   (You acquired it on level 9 of the Dungeon)

   Str+2:     It affects your strength (+2).
 U - the +3 chain mail of Binihiuw (worn) {+Inv rCorr MP+9 Str+3}
   (You found it on level 1 of the Lair of Beasts)

   Str+3:     It affects your strength (+3).
   MP+9:      It affects your magic capacity (+9).
   +Inv:      It lets you turn invisible.
   rCorr:     It protects you from acid and corrosion.
 V - a +2 hat (worn)
 Y - a +3 plate armour of poison resistance
Jewellery
 b - a ring of protection from fire
 g - a +6 ring of strength (left hand)
 m - a ring of positive energy
 D - a ring of willpower (right hand)
 K - an amulet of guardian spirit (around neck)
 O - a ring of flight
 T - a ring of see invisible
 W - the ring "Tatzea" {^Contam rF+++ rC+ rCorr Stlth+}
   (You took it off a minotaur in a Gauntlet)

   [ring of resist corrosion]

   rF+++:     It renders you almost immune to fire.
   rC+:       It protects you from cold.
   ^Contam:   It causes magical contamination when unequipped.
   rCorr:     It protects you from acid and corrosion.
   Stlth+:    It makes you more stealthy.
Wands
 t - a wand of flame (40)
 y - a wand of polymorph (15)
 G - a wand of light (17)
 L - a wand of digging (11)
 S - a wand of paralysis (18)
 Z - a wand of mindburst (3)
Scrolls
 h - 5 scrolls of fear
 j - a scroll of fog
 l - 5 scrolls of teleportation
 p - a scroll of silence
 u - 4 scrolls of brand weapon
 x - 3 scrolls of enchant weapon
 z - 2 scrolls of revelation
 A - 6 scrolls of identify
 E - a scroll of poison
 N - a scroll of butterflies
 R - a scroll of immolation
Potions
 d - 5 potions of might
 k - 7 potions of ambrosia
 n - 2 potions of invisibility
 o - 6 potions of haste
 r - 5 potions of enlightenment
 s - a potion of curing
 w - 4 potions of resistance
 B - 2 potions of magic
 C - 2 potions of lignification
 H - 4 potions of cancellation
 J - a potion of mutation
 P - 2 potions of berserk rage


   Skills:
 + Level 19.8 Fighting
 + Level 21.0 Axes
 + Level 16.4 Armour
 + Level 16.2 Shields
 + Level 13.3 Invocations


You had 15 spell levels left.
You didn't know any spells.
Your spell library contained the following spells:

 Spells                   Type           Power      Damage    Failure   Level
 Magic Dart               Conj           0%         1d3       75%         1
 Sandblast                Erth           0%         2d4       75%         1
 Sting                    Conj/Alch      0%         1d3       75%         1
 Blink                    Tloc           0%         N/A       87%         2
 Call Imp                 Summ           0%         N/A       87%         2
 Cigotuvi's Dreadful Rot  Necr/Alch/Air  0%         N/A       87%         2
 Jinxbite                 Hex            0%         N/A       87%         2
 Lesser Beckoning         Tloc           0%         N/A       87%         2
 Mercury Vapours          Alch/Air       0%         N/A       87%         2
 Momentum Strike          Conj/Tloc      0%         3d8       87%         2
 Static Discharge         Conj/Air       0%         3-3/arc   87%         2
 Sublimation of Blood     Necr           0%         N/A       87%         2
 Ozocubu's Armour         Ice            0%         N/A       98%         3
 Sigil of Binding         Hex            0%         N/A       98%         3
 Stone Arrow              Conj/Erth      0%         3d7       98%         3
 Summon Ice Beast         Ice/Summ       0%         N/A       98%         3
 Swiftness                Air            0%         N/A       98%         3
 Airstrike                Air            0%         2d(0-16)  100%        4
 Animate Armour           Summ/Erth      0%         N/A       100%        4
 Dimensional Bullseye     Hex/Tloc       0%         N/A       100%        4
 Martyr's Knell           Necr/Summ      0%         N/A       100%        4
 Olgreb's Toxic Radiance  Alch           0%         N/A       100%        4
 Petrify                  Alch/Erth      0%         N/A       100%        4
 Summon Lightning Spire   Summ/Air       0%         N/A       100%        4
 Freezing Cloud           Conj/Ice/Air   0%         6-21      100%        5
 Irradiate                Conj/Alch      0%         3d11      100%        5
 Metabolic Englaciation   Hex/Ice        0%         N/A       100%        5
 Sculpt Simulacrum        Ice/Alch       0%         N/A       100%        6
 Enfeeble                 Hex            0%         N/A       100%        7
 Discord                  Hex            0%         N/A       100%        8
 Lehudib's Crystal Spear  Conj/Erth      0%         10d2      100%        8


Dungeon Overview and Level Annotations

Branches:
Dungeon (15/15)            Temple (0/1) D:5            Lair (5/5) D:11
 Shoals (0/4) Lair:2        Snake (0/4) Lair:3        Slime (0/5) Lair:5
    Orc (2/2) D:12            Elf (2/3) Orc:2        Vaults (0/5) D:13
 Depths (0/4) D:15          Sewer (visited)         Gauntlet (visited)

Altars:
Ashenzari
Cheibriados
Dithmenos
Elyvilon
Fedhas
Makhleb
Nemelex Xobeh
Qazlal
Ru
Sif Muna
Uskayaw
Wu Jian
Xom
Yredelemnul
Zin

Shops:
D:4 *   D:6 ?   Orc:2 (==

Annotations:
D:10 2 runed translucent doors
Orc:1 2 transporters, Hazorath's ghost, journeyman TrBe


Innate Abilities, Weirdness & Mutations

You have a pair of horns on your head.
You reflexively headbutt those who attack you in melee.


Message History

A lance of force appears from out of thin air!
The lance of force misses you.
You hear a bow twang.
An arrow appears from out of thin air!
You block the arrow.
The deep elf pyromancer gestures wildly while chanting.
Things that are here:
a +0 long sword; a +0 leather armour Something hits you!
Something hits you. Something hits you!
The deep elf pyromancer gestures wildly while chanting.
The deep elf pyromancer blinks!
You miss something. You slice something!! You burn something.
You block something's attack.
You hear some strange, mumbled words.
A lance of force appears from out of thin air!
The lance of force hits you!
You are knocked back by the lance of force.
You slam into the stone wall!
* * * LOW HITPOINT WARNING * * *
You barely miss something. You slice something!! You burn something.
Something hits you!
* * * LOW HITPOINT WARNING * * *
Something hits you but does no damage.
Unknown command.
As you read the scroll of teleportation, it crumbles to dust.
You feel strangely unstable.
You hear some strange, mumbled words.
A shard of ice appears from out of thin air!
You block the shard of ice. Something hits you!
* * * LOW HITPOINT WARNING * * *
The deep elf pyromancer gestures wildly while chanting.
The deep elf pyromancer blinks!
Something hits you.
* * * LOW HITPOINT WARNING * * *
You feel very mighty all of a sudden. Something hits you!
* * * LOW HITPOINT WARNING * * *
You hear some strange, mumbled words.
A shard of ice appears from out of thin air!
The shard of ice hits you!!
You die...
Your body rises from the dead as a mindless zombie.

..........# ##..'......'.
..........## #...'......).
#.###...)..###..##......#.
# ##......######....)##.
#...)).# ##...###' #
##......# #........
##.###.....)## #...)....
.........{)## #........
..........@# ##.......
..........{## ##......
............## ###'###
............e# #.#
....(§......E......# #.##
........☼..°.......# #..#
.........○........##
####.##
.........###.....##
#.....# .....☼).# ##...##
#.....#


You could see a deep elf pyromancer and a fire elemental (summoned).

Vanquished Creatures
  Jorgrun (D:12)
  A deep elf sorcerer (Elf:1)
  A deep elf elementalist (Elf:2)
  An orc warlord (Elf:2)
  A deep elf demonologist (Elf:1)
  A minotaur (Gauntlet)
  An ettin (Orc:2)
  The ghost of Ozzieoiler the Cleaver, a journeyman DsGl of Cheibriados (D:12)
  An ice dragon (D:15)
  4 hydras
  7 centaur warriors
  3 ogre magi (Orc:2)
  A catoblepas (D:9)
  8 dancing weapons (Elf:2)
  A death scarab (Gauntlet)
  6 death yaks
  10 two-headed ogres
  9 deep elf knights
  A fire crab (Gauntlet)
  A sea snake (shapeshifter) (D:13)
  A swamp dragon (Lair:5)
  10 orc knights (Elf:2)
  6 deep elf archers
  9 deep elf zephyrmancers
  21 deep elf pyromancers
  3 wolf spiders
  5 orc sorcerers
  11 ugly things
  4 manticores
  An oklob plant (Lair:2)
  A cyclops (D:14)
  8 black mambas
  A meliai (shapeshifter) (D:13)
  5 meliai
  4 elephants (Lair:5)
  11 cane toads
  4 kobold demonologists
  A rime drake (Lair:4)
  5 komodo dragons
  A yaktaur (D:15)
  Maggie (D:6)
  An efreet (D:15)
  A queen bee (Lair:5)
  A polar bear (Lair:5)
  A tarantella (shapeshifter) (D:15)
  5 trolls
  2 raiju (shapeshifter) (Elf:1)
  5 blink frogs
  A dream sheep (Lair:2)
  An air elemental (Elf:2)
  7 slime creatures
  2 wraiths (D:15)
  54 yaks
  2 water elementals
  3 wyverns
  A spriggan (Lair:2)
  4 fire bats (Gauntlet)
  8 wargs (Orc:2)
  A basilisk (shapeshifter) (D:14)
  A spectral komodo dragon (Gauntlet)
  Grum (D:8)
  7 basilisks
  A fire elemental (Elf:1)
  3 redbacks (D:10)
  3 vampire mosquitoes
  22 water moccasins
  19 orc warriors
  2 swamp drakes (Lair:5)
  2 hell hounds (Gauntlet)
  4 laughing skulls
  3 ice beasts
  4 ogres
  10 wolves
  22 centaurs
  A kobold brigand (D:12)
  9 bullfrogs
  An earth elemental (Elf:1)
  A gnoll sergeant (D:7)
  9 killer bees
  A howler monkey (shapeshifter) (D:13)
  2 electric eels
  2 crimson imps
  2 howler monkeys (D:9)
  13 orc priests
  14 jellies
  A hound (D:5)
  A sleepcap (D:4)
  A gnoll bouda (D:8)
  Ijyb (D:3)
  4 iguanas
  34 orc wizards
  A hell rat (Lair:5)
  An acid dragon zombie (Lair:5)
  13 gnolls
  9 adders
  4 river rats
  2 shadow imps
  2 white imps
  2 ufetubi (D:6)
  2 dart slugs
  88 orcs
  14 endoplasms
  6 giant cockroaches
  13 hobgoblins
  4 jackals (D:2)
  6 kobolds
  4 quokkas
  10 ball pythons
  8 bats
  5 frilled lizards
  6 goblins
  9 rats
683 creatures vanquished.

Vanquished Creatures (collateral kills)
  Rupert (Lair:5)
  Donald (Elf:1)
  An orc warlord (Orc:2)
  Josephine (D:15)
  2 hydras
  An ice dragon (Lair:5)
  A catoblepas (Lair:2)
  A two-headed ogre (D:10)
  A boulder beetle (D:11)
  2 dancing weapons (Elf:1)
  3 death yaks
  A tengu warrior (D:13)
  An occultist (D:15)
  Amaemon (D:9)
  An arcanist (D:14)
  3 deep elf archers
  A deep elf zephyrmancer (D:14)
  An orc knight (Elf:2)
  5 ugly things (D:14)
  3 orc sorcerers
  2 deep elf pyromancers (Elf:1)
  A wolf spider (D:10)
  A cyclops (D:13)
  A meliai (D:14)
  5 cane toads
  2 torpor snails (Lair:4)
  An orange demon (D:9)
  3 efreet
  A kobold demonologist (D:12)
  A polar bear (Lair:5)
  2 blink frogs (Lair:3)
  2 slime creatures (D:15)
  A water elemental (Elf:2)
  A wraith (D:15)
  12 yaks
  A basilisk (Lair:1)
  2 vampire mosquitoes (D:12)
  2 steam dragons
  3 wargs
  3 redbacks (D:10)
  3 acid dragons (Lair:5)
  6 water moccasins
  A swamp drake (Orc:1)
  2 orc warriors
  A laughing skull (D:15)
  2 ogres (Orc:2)
  A centaur (D:9)
  5 wolves
  2 bullfrogs
  A kobold brigand (D:12)
  Blork the orc (D:4)
  A gnoll sergeant (D:9)
  A scorpion (Lair:1)
  12 killer bees
  An iron imp (Orc:1)
  2 jellies
  An orc priest (D:8)
  3 iguanas (Lair:5)
  A gnoll bouda (D:9)
  6 orc wizards
  3 hell rats (Lair:5)
  2 gnolls (D:9)
  A shadow imp (Orc:1)
  32 orcs
  3 endoplasms
  A kobold (D:12)
  A frilled lizard (Sewer)
175 creatures vanquished.

Vanquished Creatures (others)
  An ice dragon (D:15)
  A deep elf zephyrmancer (Elf:2)
  3 ugly thing zombies
  A death yak zombie (D:11)
  An ettin zombie (Orc:2)
  2 meliai zombies (Lair:5)
  A spectral snapping turtle (Elf:1)
  3 fire bat zombies (Gauntlet)
  An ogre zombie (Orc:2)
  3 two-headed ogre zombies
  A cane toad zombie (Lair:4)
  A spectral efreet (D:15)
  21 elf zombies
  2 blink frog zombies
  2 manticore zombies
  A swamp dragon zombie (Lair:5)
  A komodo dragon zombie (Lair:5)
  A hell hound zombie (Gauntlet)
  5 warg zombies (Orc:2)
  A water moccasin zombie (Lair:5)
  A polar bear zombie (Lair:5)
  12 yak zombies
  A troll zombie (D:11)
  A raiju zombie (Elf:1)
  A spectral orc (Lair:1)
  A bullfrog zombie (Lair:3)
  5 centaur zombies (D:14)
  A basilisk zombie (D:14)
  A kobold zombie (D:10)
  5 killer bee zombies
  2 hell rat zombies (Lair:5)
  A howler monkey zombie (D:9)
  2 adder zombies
  3 iguana zombies
  7 jelly zombies
  2 spectral shadow imps
  4 orcs
  5 gnoll zombies
  A ball python zombie (Sewer)
  5 endoplasm zombies
  A giant cockroach zombie (Sewer)
  A hobgoblin zombie (D:4)
  73 orc zombies
189 creatures vanquished.

Grand Total: 1047 creatures vanquished

Notes
Turn   | Place    | Note
-------+----------+-------------------------------------------
     0 | D:1      | brinewave the Minotaur Fighter began the quest for the Orb.
     0 | D:1      | Reached XP level 1. HP: 19/19 MP: 0/0
   175 | D:1      | Reached XP level 2. HP: 27/27 MP: 1/1
   274 | D:1      | Reached skill level 3 in Axes
   901 | D:2      | Identified the +0 buckler of Ashenzari's Outrage {rF+ rN+
                  | Regen+}
   987 | D:2      | Reached XP level 3. HP: 33/33 MP: 2/2
  1132 | D:2      | Identified the +11 long sword "Retz" {flame, Str+4}
  1262 | D:2      | Reached XP level 4. HP: 40/40 MP: 3/3
  1550 | D:3      | Reached skill level 4 in Axes
  1639 | D:3      | Found a stormy altar of Qazlal.
  1639 | D:3      | Found a basalt altar of Yredelemnul.
  1646 | D:3      | Became a worshipper of Yredelemnul the Dark
  1763 | D:3      | Found a shimmering blue altar of Sif Muna.
  1764 | D:3      | Noticed Ijyb
  1813 | D:3      | Killed Ijyb
  1814 | D:3      | Reached XP level 5. HP: 47/47 MP: 4/4
  2255 | D:4      | Noticed an ogre
  2391 | D:4      | Reached * piety under Yredelemnul
  2400 | D:4      | Found Plog's Assorted Antiques.
  2408 | D:4      | Bought a potion of might for 120 gold pieces
  2473 | D:4      | Reached skill level 1 in Invocations
  2560 | D:4      | Noticed Blork the orc
  2571 | D:4      | Killed Blork the orc
  2572 | D:4      | Reached ** piety under Yredelemnul
  2572 | D:4      | Reached skill level 5 in Axes
  2572 | D:4      | Reached XP level 6. HP: 55/55 MP: 5/5
  2816 | D:4      | Your ally Blork died
  2892 | D:4      | Found a snail-covered altar of Cheibriados.
  2892 | D:4      | Found an ornate altar of the Wu Jian Council.
  2955 | D:4      | Reached skill level 5 in Fighting
  2955 | D:4      | Reached skill level 5 in Armour
  2955 | D:4      | Reached skill level 5 in Shields
  3005 | D:5      | Entered Level 5 of the Dungeon
  3097 | D:5      | Noticed an ice beast
  3107 | D:5      | Killed an ice beast
  3108 | D:5      | Reached XP level 7. HP: 60/61 MP: 7/7
  3241 | D:5      | Reached skill level 6 in Axes
  3299 | D:5      | Found a broken altar of Ashenzari.
  3426 | D:5      | Found a staircase to the Ecumenical Temple.
  3557 | D:5      | Found a white marble altar of Elyvilon.
  3781 | D:6      | Found Uqocyuhein's Magic Scroll Boutique.
  3809 | D:6      | Found a glowing drain.
  3825 | Sewer    | Entered a sewer
  3963 | Sewer    | Found a viscous altar of Jiyva.
  3967 | Sewer    | Reached skill level 7 in Axes
  4032 | Sewer    | Reached XP level 8. HP: 59/70 MP: 9/9
  4088 | D:6      | Bought a scroll of teleportation for 39 gold pieces
  4088 | D:6      | Bought a scroll of teleportation for 39 gold pieces
  4088 | D:6      | Bought a scroll of identify for 26 gold pieces
  4088 | D:6      | Bought a scroll of identify for 26 gold pieces
  4088 | D:6      | Bought a scroll of identify for 26 gold pieces
  4112 | D:6      | Noticed Maggie
  4131 | D:6      | Killed Maggie
  4388 | D:6      | Reached skill level 8 in Axes
  4414 | D:6      | Found a shimmering altar of Xom.
  4415 | D:6      | Found a burning altar of Makhleb.
  5645 | D:8      | Noticed Grum
  5647 | D:8      | Reached XP level 9. HP: 30/78 MP: 3/11
  5709 | D:8      | Reached skill level 9 in Axes
  5731 | D:8      | Reached *** piety under Yredelemnul
  5734 | D:8      | Reached **** piety under Yredelemnul
  5837 | D:8      | Reached ***** piety under Yredelemnul
  5968 | D:8      | Reached skill level 10 in Axes
  5985 | D:8      | Killed Grum
  5986 | D:8      | Reached skill level 5 in Invocations
  6245 | D:8      | Found a blossoming altar of Fedhas.
  6252 | D:8      | Found a shadowy altar of Dithmenos.
  6443 | D:9      | Noticed a troll
  6445 | D:9      | Killed a troll
  6457 | D:9      | Reached XP level 10. HP: 88/88 MP: 12/12
  6467 | D:9      | Found a sparkling altar of Nemelex Xobeh.
  6589 | D:9      | Noticed a centaur warrior
  6600 | D:9      | Killed a centaur warrior
  6600 | D:9      | Noticed a manticore
  6609 | D:9      | Killed a manticore
  6610 | D:9      | Reached skill level 11 in Axes
  6867 | D:9      | Noticed an orange demon
  6873 | D:9      | Killed an orange demon
  6874 | D:9      | Noticed Amaemon
  6875 | D:9      | Noticed a catoblepas
  6889 | D:9      | Killed a catoblepas
  6890 | D:9      | Noticed a two-headed ogre
  6900 | D:9      | Killed Amaemon
  6901 | D:9      | Reached skill level 12 in Axes
  6904 | D:9      | Killed a two-headed ogre
  6956 | D:9      | Found a glowing silver altar of Zin.
  7202 | D:9      | Identified 3 scrolls of acquirement
  7202 | D:9      | Acquired a manual of Axes
  7204 | D:9      | Acquired the +2 pair of boots "Duddoill" {Str+2}
  7211 | D:9      | Acquired a manual of Fighting
  7258 | D:10     | Entered Level 10 of the Dungeon
  7292 | D:10     | Reached XP level 11. HP: 97/97 MP: 14/14
  7313 | D:10     | Noticed a two-headed ogre
  7323 | D:10     | Killed a two-headed ogre
  7389 | D:10     | Reached skill level 13 in Axes
  7505 | D:10     | Found a runed translucent gate.
  7505 | D:10     | Noticed a wolf spider
  7505 | D:10     | Noticed a wolf spider
  7507 | D:10     | Found a runed translucent gate.
  7507 | D:10     | Found a runed translucent gate.
  7509 | D:10     | Found a runed translucent door.
  7509 | D:10     | Found a runed translucent door.
  7587 | D:10     | Reached skill level 10 in Fighting
  7592 | D:10     | Killed a wolf spider
  7730 | D:10     | Reached skill level 14 in Axes
  7734 | D:10     | Killed a wolf spider
  7793 | D:10     | Reached skill level 10 in Armour
  7818 | D:10     | Found the +9 staff of Olgreb {rPois∞}
  8293 | D:11     | Noticed a two-headed ogre
  8296 | D:11     | Noticed a boulder beetle
  8486 | D:11     | Noticed a death yak
  8795 | D:11     | Killed a two-headed ogre
  8796 | D:11     | Reached skill level 10 in Shields
  8857 | D:11     | Noticed a death yak
  8858 | D:11     | Noticed a death yak
  8858 | D:11     | Noticed a death yak
  8859 | D:11     | Noticed a death yak
  8867 | D:11     | Killed a death yak
  8868 | D:11     | Reached skill level 15 in Axes
  8875 | D:11     | Killed a death yak
  8879 | D:11     | Killed a death yak
  8884 | D:11     | Killed a death yak
  8885 | D:11     | Reached XP level 12. HP: 99/110 MP: 11/16
  8887 | D:11     | Killed a death yak
  8920 | D:11     | Killed a boulder beetle
  8921 | D:11     | Reached ****** piety under Yredelemnul
  8946 | D:11     | Found a staircase to the Lair.
  9137 | Lair:1   | Entered Level 1 of the Lair of Beasts
  9173 | Lair:1   | Reached skill level 16 in Axes
  9203 | Lair:1   | Identified the +3 chain mail of Binihiuw {+Inv rCorr MP+9
                  | Str+3}
  9450 | Lair:1   | You fall into a shaft and drop 1 floor!
  9729 | Lair:2   | Noticed a death yak
  9730 | Lair:2   | Noticed a death yak
  9730 | Lair:2   | Noticed a death yak
  9730 | Lair:2   | Noticed a death yak
  9739 | Lair:2   | Killed a death yak
  9747 | Lair:2   | Killed a death yak
  9748 | Lair:2   | Reached skill level 17 in Axes
  9750 | Lair:2   | Killed a death yak
  9755 | Lair:2   | Killed a death yak
 10036 | Lair:2   | Noticed a catoblepas
 10048 | Lair:2   | Killed a catoblepas
 10308 | Lair:2   | Found a staircase to the Shoals.
 10733 | Lair:3   | Reached XP level 13. HP: 112/123 MP: 18/18
 10746 | Lair:3   | Found a gate leading to a gauntlet.
 10757 | Gauntlet | Entered a Gauntlet
 10757 | Gauntlet | Found a transporter.
 10778 | Gauntlet | Found a transporter.
 10789 | Gauntlet | Found a transporter.
 10795 | Gauntlet | Found a transporter.
 10807 | Gauntlet | Noticed a quicksilver ooze
 10813 | Gauntlet | Found a transporter.
 10831 | Gauntlet | Found a transporter.
 10847 | Gauntlet | Found a transporter.
 10859 | Gauntlet | Found a transporter.
 10871 | Gauntlet | Found a transporter.
 10883 | Gauntlet | Found a transporter.
 10901 | Gauntlet | Found a transporter.
 10921 | Gauntlet | Found a transporter.
 10923 | Gauntlet | Found a transporter.
 10961 | Gauntlet | Found a transporter.
 10981 | Gauntlet | Found a transporter.
 10981 | Gauntlet | Found a transporter.
 10987 | Gauntlet | Found a transporter.
 10992 | Gauntlet | Found a transporter.
 11270 | Gauntlet | Identified the +7 shortbow "Wocaguj" {drain, rC- rN+ Int+2
                  | Dex+5}
 11270 | Gauntlet | Identified the +2 chain mail of Yredelemnul's Hatred
                  | {Rampage rF+ rC+ Regen+}
 11270 | Gauntlet | Identified the ring "Tatzea" {^Contam rF+++ rC+ rCorr
                  | Stlth+}
 11270 | Gauntlet | Noticed a minotaur
 11284 | Gauntlet | Killed a minotaur
 11321 | Gauntlet | Got the Omnibus of Jinxing
 11706 | Lair:3   | Reached skill level 18 in Axes
 11766 | Lair:3   | Found a staircase to the Snake Pit.
 12404 | Lair:4   | Reached skill level 15 in Fighting
 12666 | Lair:4   | Reached skill level 10 in Invocations
 12998 | Lair:5   | Entered Level 5 of the Lair of Beasts
 13315 | Lair:5   | Reached XP level 14. HP: 88/136 MP: 5/20
 13525 | Lair:5   | Found a staircase to the Slime Pits.
 13548 | Lair:5   | Noticed Rupert
 13566 | Lair:5   | Killed Rupert
 13759 | Lair:5   | Reached skill level 19 in Axes
 14815 | Lair:1   | Found a sacrificial altar of Ru.
 15414 | D:12     | Noticed Jorgrun
 15434 | D:12     | Killed Jorgrun
 15491 | D:12     | Found a large runed translucent door.
 15491 | D:12     | Found a large runed translucent door.
 15496 | D:12     | Noticed Ozzieoiler's ghost (journeyman DsGl)
 15507 | D:12     | Killed Ozzieoiler's ghost
 15651 | D:12     | Found a staircase to the Orcish Mines.
 15818 | D:12     | You fall into a shaft and drop 3 floors!
 15818 | D:15     | Entered Level 15 of the Dungeon
 15875 | D:14     | Found a hide-covered altar of Uskayaw.
 16490 | D:13     | Found a gate to the Vaults.
 17124 | D:14     | Reached XP level 15. HP: 138/149 MP: 22/22
 17382 | D:14     | Got the Atlas of Dhcmrlchtdj
 17413 | D:14     | Got the Vellum of Axaxaxas mlö
 17420 | D:14     | Got the Codex of Plaster Cramp
 18054 | D:15     | Noticed Josephine
 18060 | D:15     | Killed Josephine
 18662 | D:15     | Found a staircase to the Depths.
 18824 | Orc:1    | Entered Level 1 of the Orcish Mines
 18865 | Orc:1    | Paralysed by an orc sorcerer for 5 turns
 18872 | Orc:1    | Reached skill level 20 in Axes
 18960 | Orc:1    | Noticed a kraken
 18971 | Orc:1    | Reached skill level 15 in Armour
 18996 | Orc:1    | Found a transporter.
 19005 | Orc:1    | Noticed Hazorath's ghost (journeyman TrBe)
 19036 | Orc:1    | Found a transporter.
 19535 | Orc:2    | Entered Level 2 of the Orcish Mines
 19536 | Orc:2    | Paralysed by an orc sorcerer for 4 turns
 19753 | Orc:2    | Found a staircase to the Elven Halls.
 19879 | Orc:2    | Reached skill level 15 in Shields
 20077 | Orc:2    | Found Geot Zaerchum's Jewellery Emporium.
 20139 | Orc:2    | Found Kaxeve's Jewellery Shoppe.
 20390 | Orc:2    | Found Tuleyc's Weapon Shoppe.
 20661 | Elf:1    | Entered Level 1 of the Elven Halls
 20747 | Elf:1    | Identified the +3 trident of Dullness {protect, Int+5}
 20982 | Elf:1    | Reached XP level 16. HP: 55/160 MP: 11/24
 21231 | Elf:1    | Noticed Donald
 21243 | Elf:1    | Killed Donald
 21862 | Elf:1    | Got the Guide on Overhead Adjuration
 22280 | Elf:2    | Found a runed translucent gate.
 22281 | Elf:2    | Found a runed translucent gate.
 22281 | Elf:2    | Found a runed translucent gate.
 22382 | Elf:2    | Paralysed by an air elemental for 1 turns
 22773 | Elf:2    | Noticed a deep elf blademaster
 22917 | Elf:2    | Reached skill level 21 in Axes
 22947 | Elf:2    | Killed from afar by a deep elf knight

Illustrated notes

Levels and vault maps discovered:
D:1:      dpeg_arrival_rooms_with_view, layout_basic, kennysheep_small_spiral,
          minmay_tiny_reverse_x
D:2:      layout_loops_ring, minmay_octomino_e4
D:3:      layout_basic, mainiacjoe_overflow_concentric_impassable,
          gammafunk_temple_overflow_elements, uniq_ijyb
D:4:      layout_basic, gammafunk_temple_overflow_wave, serial_shops, shop,
          uniq_blork_the_orc
D:5:      layout_loops_cross, kennysheep_mini_moat, elyvilon_altar_5,
          minmay_temple_entry_stoned_glass
D:6:      layout_rooms, grunt_temple_overflow_champion_of_chaos, serial_shops,
          shop_fountains, portal_sewer_entry_b, kennysheep_cross_bottleneck,
          uniq_maggie
D:7:      layout_basic, corexii_corridor_pit
D:8:      layout_basic, amethyst_overflow_temple_binary, uniq_grum
D:9:      layout_roguey, marbit_many_paths, nemelex_diamond_rough_becter,
          kb_lookout_dungeons_type, uniq_amaemon
D:10:     layout_irregular_city, minmay_guarded_unrand_staff_of_olgreb
D:11:     layout_basic, dpeg_lair_monsters
D:12:     layout_loops_ring, david_orc_2, ebering_ghost_disaster_area,
          uniq_jorgrun
D:13:     layout_layer_cave, david_vaults_2, roderic_nine_men_s_morris
D:14:     layout_basic, nicolae_uskayaw_en_pointe, serial_bayou_pond_b,
          bh_hangedman_babel_library
D:15:     grunt_enter_depths_hoard, layout_rooms,
          hangedman_abyss_or_decor_stabs, grunt_decor_arrowhead, uniq_josephine
Lair:1:   layout_hall_layers, basic_altar, infiniplex_staircase_pool,
          grunt_megastairs_4
Lair:2:   layout_chaotic_city, minmay_shoals_entry_hut,
          grunt_forest_large_clearing_hut, serial_bayou_shore_a,
          lemuel_fruit_fields
Lair:3:   layout_gridlike, minmay_snake_entry_six_corridors,
          gauntlet_entry_generic, grunt_megastairs_5
Lair:4:   layout_hall_layers, grunt_megastairs_1, serial_bayou_shore_b
Lair:5:   guppyfry_lair_end_dragon, layout_gridlike,
          minmay_slime_entry_jelly_boxes, special_room [special_room_bee],
          lemuel_fruit_fields, lemuel_fruit_tree, infiniplex_staircase_pool_2,
          uniq_rupert
Orc:1:    layout_diamond_mine, gammafunk_ghost_stat_death,
          mainiacjoe_minedec_watcher_in_the_water, hangedman_minor_magic
Orc:2:    st_orc_town, layout_diamond_mine
Elf:1:    eino_elf_arrival_customs, layout_geoelf_octagon, evilmike_minifort,
          uniq_donald
Elf:2:    nicolae_elf_blades_crystal_corner, layout_gridlike, enter_trove_6,
          special_room [special_room_orc], serial_shops,
          nicolae_book_shop_shelving

Skill      XL: |  1  2  3  4  5  6  7  8  9 10 11 12 13 14 15 16 |
---------------+-------------------------------------------------+-----
Axes           | 3 4 5 7 8 10 12 15 17 18 19 20 21 | 21.0
Shields        | 4 5 6 7 9 10 11 12 14 15 16 | 16.2
Fighting       | 4 5 6 8 9 11 13 15 17 19 | 19.8
Armour         | 4 5 6 8 9 10 11 13 14 15 16 | 16.4
Invocations    | 1 2 4 5 6 7 9 10 11 12 13 | 13.3

Action                     |  1- 3 |  4- 6 |  7- 9 | 10-12 | 13-15 | 16-18 || total
---------------------------+-------+-------+-------+-------+-------+-------++-------
  Melee: War axe           |    75 |    96 |   215 |   298 |   801 |   268 ||  1753
         Headbutt          |    12 |    14 |    42 |    75 |   153 |    64 ||   360
  Throw: Dart              |       |     1 |       |       |       |     2 ||     3
         Javelin           |       |     2 |       |       |     1 |       ||     3
 Invoke: Recall Undead Har |       |     3 |     1 |     1 |     7 |     5 ||    17
         Dark Bargain      |       |       |       |     1 |     2 |       ||     3
         Bind Soul         |       |       |       |     3 |       |       ||     3
         Drain Life        |       |       |       |       |     2 |       ||     2
    Use: Scroll            |     5 |     2 |    15 |     6 |    12 |     3 ||    43
         Potion            |       |       |       |     2 |     2 |     6 ||    10
   Stab: Distracted        |       |       |       |     5 |     6 |     3 ||    14
 Armour: Scale mail        |    40 |    73 |    87 |       |       |       ||   200
         Skin              |       |     1 |       |       |       |       ||     1
         Chain mail        |       |       |    46 |    65 |   665 |   247 ||  1023
         Plate armour      |       |       |    21 |   200 |       |       ||   221
  Dodge: Dodged            |    39 |    38 |   100 |    92 |   248 |    75 ||   592
  Block: Buckler           |     9 |    17 |    44 |    79 |   237 |    67 ||   453
